[Event "ICC tourney 2150 (70 10)"]
[Site "Internet Chess Club"]
[Date "2020.11.22"]
[Round "5"]
[White "tidalwave09"]
[Black "fridanavys1"]
[Result "1/2-1/2"]
[ICCResult "Game drawn by mutual agreement"]
[WhiteElo "1629"]
[BlackElo "1814"]
[Opening "King's Indian defense, 3.Nc3"]
[ECO "E61"]
[NIC "KI.80"]
[Time "16:04:06"]
[TimeControl "4200+10"]

1. d4 Nf6 2. c4 g6 3. Nc3 Bg7 4. Bg5 O-O 5. e3 d6 6. Be2 c5 7. Nf3 Bg4 8.
O-O h6 9. Bh4 Nbd7 10. h3 Bxf3 11. Bxf3 Rb8 12. Bg3 Ne8 13. Nd5 Rc8 14. Rc1
Nc7 15. Bh4 g5 16. Bg3 Nxd5 17. Bxd5 cxd4 18. exd4 Qb6 19. Qa4 Nf6 20. Bf3
Qxd4 21. b3 Qb6 22. h4 a5 23. hxg5 hxg5 24. Rfe1 Rfe8 25. a3 e5 26. Rb1 e4
27. Be2 d5 28. b4 axb4 29. Rxb4 Qc5 30. Rxb7 dxc4 31. Rb4 c3 32. Rc4 Qf5 33.
Rxc8 Rxc8 34. Ba6 Ra8 35. Qc6 Qd5 36. Qxc3 Nh5 37. Qc4 Qxc4 38. Bxc4 Rxa3
39. Rxe4 Nxg3 40. fxg3 Rxg3 41. Re7 Rc3 42. Bd5 Rc1+ 43. Kh2 Rf1 44. Re8+
Bf8 45. Kg3 Kg7 46. Kg4 f6 47. Bf3 Bd6 48. Rd8 Be5 49. Rd1 Rf2 50. Kh5 Kf7
51. Re1 Rd2 52. Rd1 Rb2 53. Be4 Rb4 54. Bg6+ Ke6 55. g4 Bf4 56. Bf5+ Ke5 57.
Kg6 Rb6 58. Re1+ Kd4 59. Re6 Rxe6 60. Bxe6 Be5 61. Bf5 Ke3
{Game drawn by mutual agreement}
1/2-1/2

[Event "ICC tourney 2150 (70 10)"]
[Site "Internet Chess Club"]
[Date "2020.11.22"]
[Round "5"]
[White "FL2009"]
[Black "cprovince"]
[Result "1/2-1/2"]
[ICCResult "Game drawn by mutual agreement"]
[WhiteElo "1847"]
[BlackElo "1898"]
[Opening "French: exchange variation"]
[ECO "C01"]
[NIC "FR.01"]
[Time "16:04:50"]
[TimeControl "4200+10"]

1. e4 e6 2. d4 d5 3. exd5 exd5 4. Nf3 Nf6 5. Bd3 Bd6 6. O-O O-O 7. Re1 Bg4
8. Bg5 Nbd7 9. Nbd2 c6 10. c3 Qc7 11. Qc2 h6 12. Bh4 Rfe8 13. b3 Rac8 14.
Rac1 Bf4 15. Bg3 Bxg3 16. hxg3 c5 17. c4 dxc4 18. Bxc4 Rxe1+ 19. Nxe1 Qc6
20. dxc5 Nxc5 21. Nef3 Qd6 22. a4 b6 23. Re1 Rd8 24. Nf1 Nce4 25. Rxe4 Bxf3
26. gxf3 Nxe4 27. Qxe4 g6 28. Kg2 Rd7 29. Ne3 Re7 30. Qg4 Kh7 31. Nd5 Re1
32. Qd4 Qe5 33. Qxe5 Rxe5 34. Nb4 Re7 35. Nc6 Rc7 36. Ne5 Kg7 37. f4 f6 38.
Nf3 Rd7 39. Ne1 g5 40. fxg5 fxg5 41. Nc2 h5 42. Ne3 Kf6 43. Nd5+ Ke5
{Game drawn by mutual agreement}
1/2-1/2

[Event "ICC tourney 2150 (70 10)"]
[Site "Internet Chess Club"]
[Date "2020.11.22"]
[Round "5"]
[White "blueocean07"]
[Black "SerenaE"]
[Result "0-1"]
[ICCResult "White resigns"]
[WhiteElo "1716"]
[BlackElo "1653"]
[Opening "Queen's gambit accepted"]
[ECO "D20"]
[NIC "QG.03"]
[Time "16:04:04"]
[TimeControl "4200+10"]

1. d4 d5 2. c4 dxc4 3. e3 e5 4. Bxc4 exd4 5. exd4 Bd6 6. Nf3 Nf6 7. O-O O-O
8. Nc3 a6 9. Bg5 h6 10. Bh4 Nc6 11. Ne4 Be7 12. Re1 Nxe4 13. Rxe4 Bxh4 14.
Nxh4 Na5 15. Qe2 Nxc4 16. Qxc4 Be6 17. Qc3 Bd5 18. Re5 Bxa2 19. Nf5 Be6 20.
Nxg7 Kxg7 21. d5 Qf6 22. dxe6 fxe6 23. Qxc7+ Rf7 24. Qc5 Rc8 25. Qe3 Rc2 26.
Qg3+ Kh8 27. Rf1 Rxb2 28. Rc5 Rg7 29. Rc8+ Kh7 30. Qe3 Qg5 31. Qe4+ Qg6 32.
Qf3 Rb3 33. Qg3 Rxg3 34. fxg3 Rf7 35. Rfc1 Qf6 36. R8c2 e5 37. Re1 e4 38.
Rcc1 Qf2+ 39. Kh1 e3 40. Rcd1 e2 41. h3 exd1=Q 42. Rxd1 Qf1+ 43. Rxf1 Rxf1+
{White resigns}
0-1

[Event "ICC tourney 2150 (70 10)"]
[Site "Internet Chess Club"]
[Date "2020.11.22"]
[Round "5"]
[White "Lowish-Monkey"]
[Black "MariusC"]
[Result "1-0"]
[ICCResult "Black resigns"]
[WhiteElo "1923"]
[BlackElo "1778"]
[Opening "Sicilian: Najdorf, Opocensky variation"]
[ECO "B92"]
[NIC "SI.10"]
[Time "16:04:00"]
[TimeControl "4200+10"]

1. e4 c5 2. Nf3 d6 3. d4 cxd4 4. Nxd4 Nf6 5. Nc3 a6 6. Be2 e5 7. Nb3 Be6 8.
O-O Be7 9. Kh1 Nc6 10. Be3 d5 11. exd5 Nxd5 12. Ne4 Bf5 13. Nec5 Nxe3 14.
fxe3 Qxd1 15. Bxd1 Bc8 16. Bf3 O-O 17. a3 a5 18. Na4 Be6 19. Nbc5 Bc4 20.
Rfd1 f5 21. Nd7 e4 22. Nab6 exf3 23. Nxa8 Rxa8 24. Nb6 Rf8 25. Nxc4 f4 26.
gxf3 fxe3 27. Kg2 Bc5 28. Rd5 b6 29. c3 Ne7 30. Rd3 Ng6 31. Kg3 b5 32. Rd5
Ba7 33. Rxb5 Bb8+ 34. Rxb8 Rxb8 35. Re1 Ne7 36. Kf4 Nd5+ 37. Ke4 Nb6 38.
Nxa5 Na4 39. b4 Nxc3+ 40. Kxe3 Nb5 41. Ra1 Rc8 42. a4 Nc3 43. b5 Ra8 44. Kd3
Nd5 45. Nc6 Nf4+ 46. Kc4 {Black resigns} 1-0

[Event "ICC tourney 2150 (70 10)"]
[Site "Internet Chess Club"]
[Date "2020.11.22"]
[Round "6"]
[White "moneymo"]
[Black "zhang01"]
[Result "1/2-1/2"]
[ICCResult "Game drawn by mutual agreement"]
[WhiteElo "1875"]
[BlackElo "1364"]
[Opening "Gedult's opening"]
[ECO "A00"]
[Time "19:31:40"]
[TimeControl "4200+10"]

1. f3 f5 2. d4 Nf6 3. c4 e6 4. Bg5 h6 5. Bh4 g5 6. Bf2 c6 7. Nc3 d5 8. c5
Bd7 9. a4 Na6 10. Na2 Nc7 11. a5 a6 12. Qd2 Bg7 13. Nc3 Qe7 14. Na4
{Game drawn by mutual agreement}
1/2-1/2

[Event "ICC tourney 2150 (70 10)"]
[Site "Internet Chess Club"]
[Date "2020.11.22"]
[Round "6"]
[White "Wushukyle"]
[Black "tidalwave09"]
[Result "0-1"]
[ICCResult "White resigns"]
[WhiteElo "1642"]
[BlackElo "1638"]
[Opening "Sicilian defense"]
[ECO "B20"]
[NIC "SI.48"]
[Time "19:32:04"]
[TimeControl "4200+10"]

1. e4 c5 2. a3 Nc6 3. b4 cxb4 4. axb4 Nxb4 5. d4 d5 6. c3 Nc6 7. exd5 Qxd5
8. Na3 e5 9. Nb5 Bd6 10. Ne2 Qxb5 11. Nf4 Qb6 12. Nd5 Qd8 13. dxe5 Bxe5 14.
Bb5 Ne7 15. c4 Bxa1 16. Ba3 O-O 17. Bxc6 Nxd5 18. Bxf8 Bc3+ 19. Kf1 Ne3+
{White resigns}
0-1

[Event "ICC tourney 2150 (70 10)"]
[Site "Internet Chess Club"]
[Date "2020.11.22"]
[Round "6"]
[White "fridanavys1"]
[Black "queenless"]
[Result "1/2-1/2"]
[ICCResult "Game drawn by mutual agreement"]
[WhiteElo "1811"]
[BlackElo "1615"]
[Opening "Réti opening"]
[ECO "A04"]
[NIC "QP.11"]
[Time "19:31:50"]
[TimeControl "4200+10"]

1. Nf3 b6 2. g3 Bb7 3. Bg2 g6 4. O-O Bg7 5. d3 e5 6. e4 d6 7. Nbd2 Nd7 8. a4
a5 9. Nc4 Ne7 10. c3 O-O 11. Re1 f5 12. exf5 Nxf5 13. Ng5 Qc8 14. Bxb7 Qxb7
15. Ne6 Rfe8 16. Nxg7 Kxg7 17. f4 Qd5 18. Ne3 Nxe3 19. Bxe3 Re7 20. Qd2
{Game drawn by mutual agreement}
1/2-1/2

[Event "ICC tourney 2150 (70 10)"]
[Site "Internet Chess Club"]
[Date "2020.11.22"]
[Round "6"]
[White "wahoo"]
[Black "NL008"]
[Result "1-0"]
[ICCResult "Black checkmated"]
[WhiteElo "1767"]
[BlackElo "1507"]
[Opening "Giuoco Piano"]
[ECO "C54"]
[NIC "IG.02"]
[Time "19:32:35"]
[TimeControl "4200+10"]

1. e4 e5 2. Nf3 Nc6 3. Bc4 Bc5 4. c3 Nf6 5. d3 d6 6. O-O O-O 7. Nbd2 Be6 8.
Bb5 a6 9. Ba4 b5 10. Bc2 Ne7 11. d4 exd4 12. cxd4 Bb6 13. Nb3 Bxb3 14. axb3
c5 15. d5 Ng6 16. Bg5 h6 17. Be3 Re8 18. Nd2 Ne5 19. h3 a5 20. Nf3 Nxf3+ 21.
Qxf3 Qe7 22. Qg3 Nxe4 23. Bxe4 Qxe4 24. Bxh6 Qe5 25. Bf4 Qxd5 26. Bxd6 Re2
27. Rfe1 Rxb2 28. Be5 g6 29. Bxb2 a4 30. bxa4 bxa4 31. Rxa4 Rd8 32. Qc3 Qd4
33. Rxd4 cxd4 34. Qc6 Ba7 35. Re8+ Rxe8 36. Qxe8+ Kg7 37. Qe5+ Kh7 38. Bxd4
Bxd4 39. Qxd4 Kg8 40. f4 f5 41. Qf6 Kh7 42. g4 fxg4 43. hxg4 Kh6 44. Qh8#
{Black checkmated}
1-0

[Event "ICC tourney 2150 (70 10)"]
[Site "Internet Chess Club"]
[Date "2020.11.22"]
[Round "6"]
[White "MacAndSneeze"]
[Black "oregonchessguy"]
[Result "1-0"]
[ICCResult "Black resigns"]
[WhiteElo "1581"]
[BlackElo "1790"]
[Opening "Scotch game"]
[ECO "C45"]
[NIC "SO.04"]
[Time "19:31:45"]
[TimeControl "4200+10"]

1. e4 e5 2. Nf3 Nc6 3. d4 exd4 4. Nxd4 Qf6 5. Nb5 Bc5 6. Qe2 Bb6 7. N1c3
Nge7 8. Be3 Nd4 9. Bxd4 Bxd4 10. Nxc7+ Kf8 11. N3d5 Nxd5 12. exd5 Be5 13.
Nxa8 Bxb2 14. Rb1 Bc3+ 15. Kd1 g6 16. Nc7 Qd4+ 17. Qd3 Qe5 18. Be2 Qxc7 19.
d6 Qc5 20. Rb5 {Black resigns} 1-0

[Event "ICC tourney 2150 (70 10)"]
[Site "Internet Chess Club"]
[Date "2020.11.22"]
[Round "6"]
[White "Erky"]
[Black "pangpangba"]
[Result "1-0"]
[ICCResult "Black resigns"]
[WhiteElo "1709"]
[BlackElo "1646"]
[Opening "Nimzo-Indian: Leningrad variation"]
[ECO "E30"]
[NIC "NI.25"]
[Time "19:31:43"]
[TimeControl "4200+10"]

1. d4 Nf6 2. c4 e6 3. Nc3 Bb4 4. Bg5 h6 5. Bxf6 Qxf6 6. Nf3 O-O 7. e3 c5 8.
Be2 Nc6 9. O-O b6 10. a3 Bxc3 11. bxc3 Rd8 12. Qa4 Qe7 13. d5 Nb8 14. Rad1
Bb7 15. Qc2 d6 16. e4 e5 17. h3 Nd7 18. Qd2 Nf8 19. g3 Bc8 20. Kg2 Qd7 21.
Ng1 Qa4 22. Qd3 Nh7 23. f4 Qe8 24. Qf3 Ba6 25. h4 Nf6 26. f5 Qa4 27. Qd3 h5
28. Nf3 Ng4 29. Nd2 Bc8 30. Bxg4 hxg4 31. h5 a6 32. Qe2 Qxa3 33. Qxg4 Kf8
34. Qg5 Bb7 35. f6 gxf6 36. Qxf6 Rd7 37. h6 {Black resigns} 1-0

[Event "ICC tourney 2150 (70 10)"]
[Site "Internet Chess Club"]
[Date "2020.11.22"]
[Round "6"]
[White "MariusC"]
[Black "pierrehj"]
[Result "1-0"]
[ICCResult "Black resigns"]
[WhiteElo "1804"]
[BlackElo "1742"]
[Opening "Sicilian: Nimzovich-Rossolimo attack (without ...d6)"]
[ECO "B30"]
[NIC "SI.31"]
[Time "19:32:32"]
[TimeControl "4200+10"]

1. e4 c5 2. Nf3 Nc6 3. Bb5 e6 4. O-O a5 5. a4 Nge7 6. d4 cxd4 7. Nxd4 Nxd4
8. Qxd4 Nc6 9. Qc3 Be7 10. Qxg7 Bf6 11. Qg3 Nd4 12. Na3 b6 13. Be3 Ba6 14.
Bxa6 Rxa6 15. Bxd4 Bxd4 16. Nb5 Bxb2 17. Rab1 Bf6 18. Nc7+ Kf8 19. Nxa6 d6
20. Rfd1 Be7 21. e5 d5 22. Qe3 Qc8 23. Rxb6 Qxc2 24. Rc1 Qg6 25. Rb8+ Kg7
26. Rxh8 Kxh8 27. Qg3 Qxg3 28. fxg3 Bg5 29. Rc8+ Kg7 30. Kf2 Kg6 31. h4 Bd2
32. Nc5 Kf5 33. Nd7 Ke4 34. Rf8 Be3+ 35. Ke2 d4 36. Rxf7 d3+ 37. Kd1 Kd4 38.
Rxh7 Kc3 39. Nf8 Kb4 40. Nxe6 Kxa4 41. Rb7 Ka3 42. Nf4 a4 43. Nxd3 Ka2 44.
e6 a3 45. e7 Bc5 46. e8=Q Bd4 47. Qe6+ Ka1 48. Ne1 Bb2 49. Nc2+ Kb1 50.
Nxa3+ Ka1 51. Rxb2 Kxb2 52. Qb6+ {Black resigns} 1-0

[Event "ICC tourney 2150 (70 10)"]
[Site "Internet Chess Club"]
[Date "2020.11.22"]
[Round "6"]
[White "KyleZhuang"]
[Black "VinG"]
[Result "1/2-1/2"]
[ICCResult "Game drawn by mutual agreement"]
[WhiteElo "1637"]
[BlackElo "1659"]
[Opening "Ruy Lopez: Wormald (Alapin) attack"]
[ECO "C77"]
[NIC "RL.12"]
[Time "19:31:52"]
[TimeControl "4200+10"]

1. e4 e5 2. Nf3 Nc6 3. Bb5 a6 4. Ba4 Nf6 5. Qe2 Bc5 6. d3 d6 7. c3 Bg4 8.
Nbd2 O-O 9. h3 Bd7 10. O-O Ne7 11. Bc2 Ng6 12. Re1 Nf4 13. Qd1 Bxh3 14. d4
Nxg2 15. dxc5 Nxe1 16. Qxe1 Qd7 17. Nh2 dxc5 18. Qe3 b6 19. Qg3 Rfe8 20.
Ndf3 Nxe4 21. Qh4 Re6 22. Qxe4 Rg6+ 23. Bg5 Re8 24. Rd1 Qe6 25. Qd5 Qxd5 26.
Rxd5 Rd6 27. Rxd6 cxd6 28. c4 f6 29. Be3 Be6 30. Nd2 f5 31. f3 f4 32. Bf2 b5
33. b3 bxc4 34. bxc4 Rb8 35. Bb3 a5 36. a4 Bd7 37. Ng4 e4 38. fxe4 Bxg4 39.
e5 dxe5 40. Bxc5 e4 41. Bd6 e3 42. Bxb8 exd2 43. Bxf4 d1=Q+ 44. Bxd1 Bxd1
45. Bd2 Bxa4 46. Bxa5 Bc6 47. Kf2 Kf7 48. Bc3 g5 49. Bd2 Kg6 50. Kg3 h5 51.
Be1 h4+ 52. Kh2 Kh5 53. Kh3 g4+ 54. Kh2 g3+ 55. Bxg3 hxg3+ 56. Kxg3
{Game drawn by mutual agreement}
1/2-1/2

[Event "ICC tourney 2150 (70 10)"]
[Site "Internet Chess Club"]
[Date "2020.11.22"]
[Round "6"]
[White "SpencerNA"]
[Black "blueocean07"]
[Result "1-0"]
[ICCResult "Black checkmated"]
[WhiteElo "1736"]
[BlackElo "1722"]
[Opening "Sicilian: Grand Prix attack"]
[ECO "B23"]
[NIC "SI.44"]
[Time "19:31:44"]
[TimeControl "4200+10"]

1. e4 c5 2. Nc3 Nc6 3. f4 g6 4. Nf3 Bg7 5. Bb5 Nd4 6. d3 Nxb5 7. Nxb5 a6 8.
Nc3 e6 9. O-O Ne7 10. Qe1 O-O 11. Qg3 d5 12. Bd2 b5 13. Rab1 Bb7 14. exd5
exd5 15. Nh4 Qd7 16. f5 Kh8 17. f6 Bxf6 18. Rxf6 d4 19. Ne4 Nd5 20. Rd6 Qc7
21. Bh6 Rfe8 22. Rf1 f5 23. Nf6 Nxf6 24. Rxf6 Qe7 25. Rb6 Ra7 26. Bg5 Qe2
27. Bf6+ Kg8 28. Nxf5 Bd5 29. Nh6+ Kf8 30. Qd6+ Ree7 31. Bh8+ Ke8 32. Rb8#
{Black checkmated}
1-0

[Event "ICC tourney 2150 (70 10)"]
[Site "Internet Chess Club"]
[Date "2020.11.22"]
[Round "6"]
[White "Priyadarsi"]
[Black "QueensRule"]
[Result "1-0"]
[ICCResult "Black checkmated"]
[WhiteElo "1786"]
[BlackElo "1637"]
[Opening "Dutch with c4 & g3"]
[ECO "A86"]
[NIC "HD.10"]
[Time "19:31:46"]
[TimeControl "4200+10"]

1. d4 f5 2. c4 Nf6 3. g3 d6 4. Nf3 Nbd7 5. Bf4 g6 6. Bg2 Bg7 7. Nc3 O-O 8.
e3 Ne4 9. Nxe4 fxe4 10. Ng5 Nf6 11. Nxe4 Nxe4 12. Bxe4 e5 13. dxe5 dxe5 14.
Qxd8 Rxd8 15. Bg5 Re8 16. g4 c6 17. f3 Be6 18. b3 Kf7 19. Rd1 h6 20. Bh4 g5
21. Bg3 Rad8 22. Ke2 Bf6 23. h4 Rxd1 24. Kxd1 gxh4 25. Bxh4 Bxh4 26. Rxh4
Kg7 27. Rh5 Bf7 28. Rh1 Rd8+ 29. Ke2 Rd6 30. Rc1 Bg6 31. Bxg6 Kxg6 32. b4 b5
33. cxb5 cxb5 34. Rc5 Ra6 35. Rxb5 Rxa2+ 36. Kd3 Rb2 37. Rxe5 Rxb4 38. Ra5
Rb7 39. f4 Re7 40. Ra6+ Kg7 41. e4 Kh7 42. e5 Rg7 43. Ke4 Rxg4 44. Rxa7+ Kg8
45. e6 Rg1 46. Kf5 Re1 47. Kf6 h5 48. Ra8+ Kh7 49. e7 Rxe7 50. Kxe7 h4 51.
Ra3 Kg6 52. Ke6 Kh5 53. f5 Kg4 54. f6 h3 55. Rxh3 Kxh3 56. f7 Kg4 57. f8=Q
Kg3 58. Qf5 Kg2 59. Qf4 Kg1 60. Qd2 Kh1 61. Kf5 Kg1 62. Kg4 Kh1 63. Kg3 Kg1
64. Qg2# {Black checkmated} 1-0

[Event "ICC tourney 2150 (70 10)"]
[Site "Internet Chess Club"]
[Date "2020.11.22"]
[Round "6"]
[White "uzkuzk"]
[Black "IsaiahS"]
[Result "1/2-1/2"]
[ICCResult "Game drawn by repetition"]
[WhiteElo "1804"]
[BlackElo "220"]
[Opening "French: Winawer, advance, 5.a3"]
[ECO "C17"]
[NIC "FR.10"]
[Time "19:31:55"]
[TimeControl "4200+10"]

1. e4 e6 2. d4 d5 3. Nc3 Bb4 4. e5 c5 5. a3 cxd4 6. axb4 dxc3 7. bxc3 Qc7 8.
Qd4 Nc6 9. Bb5 Bd7 10. Bxc6 Qxc6 11. Ne2 b6 12. f4 Ne7 13. Ng3 O-O 14. O-O
Rfc8 15. Bd2 Qb7 16. Rfb1 Bb5 17. Ra3 Qc7 18. Rba1 a6 19. Be3 Rcb8 20. Qd2
a5 21. bxa5 bxa5 22. Qf2 a4 23. Bc5 Rc8 24. Bd6 Qa7 25. Rb1 Be8 26. Qxa7
Rxa7 27. Bxe7 Rxe7 28. Ne2 Rec7 29. Rb6 Ra8 30. Kf2 Rcc8 31. Rb1 Rcb8 32.
Rba1 Rb2 33. Nd4 Rc8 34. Rc1 Rb7 35. Ke3 Rbc7 36. Kd2 Rb8 37. Rca1 Rcb7 38.
Kc1 Kf8 39. Kd2 Rb1 40. Kd3 Ke7 41. Kd2 f6 42. Kd3 h6 43. g3 g5 44. Ke3 Rxa1
45. Rxa1 Ra8 46. Ra3 Rb8 47. Ra1 Bd7 48. Kd2 gxf4 49. gxf4 Rg8 50. Ke3 Ra8
51. Ra3 Rg8 52. Ra1 Rg2 53. Rh1 a3 54. Ra1 Rxh2 55. Rxa3 h5 56. Ra2 h4 57.
Nf3 Rh3 58. Kf2 fxe5 59. fxe5 Be8 60. Ra7+ Kf8 61. Ng5 Rh2+ 62. Kg1 Rxc2 63.
Nh7+ Kg8 64. Nf6+ Kf8 65. Ra8 Rxc3 66. Rxe8+ Kf7 67. Rd8 Re3 68. Rd7+ Kg6
69. Kf2 Rxe5 70. Ng4 Rf5+ 71. Kg2 Rf4 72. Kh3 Kf5 73. Rf7+ Ke4 74. Re7 Kf5
75. Rf7+ Ke4 76. Re7 Kf5 77. Rf7+ {Game drawn by repetition} 1/2-1/2

[Event "ICC tourney 2150 (70 10)"]
[Site "Internet Chess Club"]
[Date "2020.11.22"]
[Round "6"]
[White "RasulNazriev"]
[Black "tigertiger2019"]
[Result "1-0"]
[ICCResult "Black checkmated"]
[WhiteElo "294"]
[BlackElo "1690"]
[Opening "Caro-Kann: Panov-Botvinnik attack"]
[ECO "B13"]
[NIC "CK.02"]
[Time "19:31:46"]
[TimeControl "4200+10"]

1. e4 c6 2. d4 d5 3. exd5 cxd5 4. c4 dxc4 5. Bxc4 e6 6. Nc3 Nf6 7. Nf3 Nc6
8. d5 exd5 9. Nxd5 Nxd5 10. Qxd5 Qe7+ 11. Be3 Be6 12. Qb5 a6 13. Qb3 Na5 14.
Qa4+ b5 15. Qxa5 Bxc4 16. O-O-O Rc8 17. Qxa6 Qc7 18. Kb1 Be7 19. Bb6 Qc6 20.
Ne5 Qe4+ 21. Ka1 O-O 22. Rhe1 Qxg2 23. Nxc4 Bb4 24. Rg1 Qc6 25. Bd4 f6 26.
Qxc6 Rxc6 27. Ne3 Rfc8 28. Nd5 Bf8 29. Nxf6+ Kh8 30. Nh5 R6c7 31. Kb1 b4 32.
Rd3 Rc4 33. Nxg7 Bxg7 34. Bxg7+ Kg8 35. Rd7 b3 36. Be5+ Kf8 37. Bd6+ Ke8 38.
Re7+ Kf8 39. Rc7+ Ke8 40. Rg8# {Black checkmated} 1-0

[Event "ICC tourney 2150 (70 10)"]
[Site "Internet Chess Club"]
[Date "2020.11.22"]
[Round "6"]
[White "Coolio9000"]
[Black "adu711"]
[Result "1/2-1/2"]
[ICCResult "Game drawn by mutual agreement"]
[WhiteElo "1843"]
[BlackElo "1728"]
[Opening "Scotch gambit"]
[ECO "C44"]
[NIC "SO.06"]
[Time "19:31:45"]
[TimeControl "4200+10"]

1. e4 e5 2. Nf3 Nc6 3. d4 exd4 4. Bc4 d5 5. exd5 Na5 6. Qxd4 Nxc4 7. Qxc4
Nf6 8. Nc3 Bd6 9. O-O O-O 10. Bg5 Bf5 11. Ne2 h6 12. Bh4 Re8 13. Rfe1 Be4
14. Rad1 g5 15. Bg3 Bxd5 16. Rxd5 Nxd5 17. Qxd5 g4 18. Nh4 Bb4 19. Qxd8
Raxd8 20. Kf1 Rxe2 21. Kxe2 Re8+ 22. Kd3 Rxe1 23. Bxc7 Rd1+ 24. Ke3 Bd6 25.
Ba5 Rd5 26. Bc3 Be7 27. Ke4 Rd6 28. Nf5 Re6+ 29. Kf4 Bg5+ 30. Kxg4 Re2 31.
Bd4 Re4+ 32. Kg3 Rf4 33. Ne7+ Kh7 34. Be3 Re4 35. Nd5 Re5 36. c4 Bxe3 37.
Nxe3 a5 38. b3 Re4 39. Nf5 Re2 40. Nd6 Rxa2 41. Nxb7 Ra3 42. Nc5 a4 43. Nxa4
Rxb3+ 44. f3 Rb4 45. Nc5 Rxc4 46. Ne4 f5 47. Nd6 f4+ 48. Kg4 Rc2 49. g3
{Game drawn by mutual agreement}
1/2-1/2

[Event "ICC tourney 2150 (70 10)"]
[Site "Internet Chess Club"]
[Date "2020.11.22"]
[Round "6"]
[White "sushivishwa"]
[Black "FL2009"]
[Result "1-0"]
[ICCResult "Black resigns"]
[WhiteElo "1859"]
[BlackElo "1828"]
[Opening "Giuoco Piano: Anderssen variation"]
[ECO "C54"]
[NIC "IG.02"]
[Time "19:32:27"]
[TimeControl "4200+10"]

1. e4 e5 2. Nf3 Nc6 3. Bc4 Bc5 4. c3 Nf6 5. d4 exd4 6. e5 d5 7. Bb5 Ne4 8.
cxd4 Bb4+ 9. Bd2 Nxd2 10. Nbxd2 O-O 11. O-O Bxd2 12. Qxd2 Ne7 13. Rac1 c6
14. Bd3 Bf5 15. Ne1 Qb6 16. Qf4 Bxd3 17. Nxd3 Ng6 18. Qe3 Rfe8 19. f4 f5 20.
Rf2 Nf8 21. g4 Ne6 22. Nc5 fxg4 23. Nxe6 Rxe6 24. f5 Rh6 25. Qf4 Rf8 26.
Qxg4 Kh8 27. Rg2 Qc7 28. Rf1 Qf7 29. Kh1 Rg6 30. Qh3 Rh6 31. Qa3 b6 32. Rg5
a5 33. Rfg1 Re8 34. Qg3 Re7 35. f6 Re8 36. Rxg7 Qf8 37. f7 Rg6 38. Rxh7+
Kxh7 39. Qxg6+ Kh8 40. Qh5+ {Black resigns} 1-0

[Event "ICC tourney 2150 (70 10)"]
[Site "Internet Chess Club"]
[Date "2020.11.22"]
[Round "6"]
[White "castle2king"]
[Black "Deng18"]
[Result "1-0"]
[ICCResult "Black checkmated"]
[WhiteElo "1594"]
[BlackElo "1806"]
[Opening "Ruy Lopez: Berlin defense"]
[ECO "C65"]
[NIC "RL.07"]
[Time "19:31:42"]
[TimeControl "4200+10"]

1. e4 e5 2. Nf3 Nc6 3. Bb5 Nf6 4. d3 Bc5 5. O-O d6 6. h3 h6 7. c3 O-O 8. Re1
a6 9. Ba4 Re8 10. d4 exd4 11. cxd4 Bb4 12. Bd2 Bxd2 13. Nbxd2 b5 14. Bc2 Bb7
15. a3 Nh7 16. Bb3 Qf6 17. Bd5 Rab8 18. Qb3 Re7 19. Qc3 Nd8 20. e5 dxe5 21.
dxe5 Qb6 22. Bxb7 Qxb7 23. b4 Ne6 24. Ne4 Rd8 25. Rac1 Nhf8 26. Nh4 Nd4 27.
Nf3 Nfe6 28. Nxd4 Nxd4 29. Qg3 Kh8 30. Kh2 Qb6 31. Rcd1 Rde8 32. Nc5 Nc6 33.
f4 a5 34. Nd7 Qa7 35. f5 Rg8 36. f6 Re6 37. Qh4 Qa8 38. Rd3 Qe8 39. fxg7+
Rxg7 40. Nf6 Rxf6 41. exf6 Rxg2+ 42. Kxg2 Qg8+ 43. Rg3 Qh7 44. Re8+ Qg8 45.
Qxh6# {Black checkmated} 1-0

[Event "ICC tourney 2150 (70 10)"]
[Site "Internet Chess Club"]
[Date "2020.11.22"]
[Round "6"]
[White "sujashankar"]
[Black "atevifred"]
[Result "1-0"]
[ICCResult "Black resigns"]
[WhiteElo "1771"]
[BlackElo "1867"]
[Opening "Caro-Kann: exchange variation"]
[ECO "B13"]
[NIC "CK.02"]
[Time "19:31:47"]
[TimeControl "4200+10"]

1. e4 c6 2. d4 d5 3. exd5 cxd5 4. Bd3 Nc6 5. c3 Nf6 6. h3 e5 7. dxe5 Nxe5 8.
Nf3 Nxd3+ 9. Qxd3 Be7 10. O-O O-O 11. Bf4 Qb6 12. Qc2 Be6 13. Nbd2 Rac8 14.
Nb3 Bd6 15. Bxd6 Qxd6 16. Qd3 a6 17. Rad1 Qc7 18. Rfe1 Rce8 19. Nfd4 Bd7 20.
Qf3 b5 21. Nf5 Ne4 22. Ne3 Bc6 23. Nxd5 Bxd5 24. Rxd5 Nd2 25. Qd1 Nc4 26.
Re2 Qc6 27. Rc5 Qb6 28. Qe1 Rd8 29. Rg5 h6 30. Rg3 a5 31. Nd4 Kh7 32. Re7
Nd6 33. Qe5 Rg8 34. Ne6 g6 35. Nxd8 Qxd8 36. Rd3 Re8 37. Rxe8 Qxe8 38. Qxe8
Nxe8 39. Rd5 Nc7 40. Rc5 Ne6 41. Rxb5 Nf4 42. Rxa5 Ne2+ 43. Kh2 Nf4 44. b4
Nd3 45. b5 Nxf2 46. b6 Ne4 47. b7 Nxc3 48. b8=Q Ne4 49. Qf8 Ng5 50. h4
{Black resigns}
1-0

[Event "ICC tourney 2150 (70 10)"]
[Site "Internet Chess Club"]
[Date "2020.11.22"]
[Round "6"]
[White "Zugzwischen"]
[Black "goodcrowdchess"]
[Result "0-1"]
[ICCResult "White resigns"]
[WhiteElo "1627"]
[BlackElo "1684"]
[Opening "QGD Slav defense"]
[ECO "D10"]
[NIC "SL.01"]
[Time "19:31:50"]
[TimeControl "4200+10"]

1. d4 d5 2. c4 c6 3. Nc3 Nf6 4. cxd5 cxd5 5. Bg5 Nc6 6. e3 e6 7. a3 Be7 8.
Bd3 O-O 9. Nge2 h6 10. Bf4 a6 11. Rc1 Bd7 12. O-O Rc8 13. Bb1 Na5 14. Be5
Nh7 15. Qd3 f5 16. Nf4 Qe8 17. g4 g5 18. Nh5 Nc4 19. Bg7 Rf7 20. Bxh6 Nxb2
21. Qe2 Bxa3 22. gxf5 exf5 23. Nxd5 Qe6 24. Rxc8+ Bxc8 25. Ba2 Qxh6 26. Rb1
Be6 27. Ng3 f4 28. exf4 gxf4 29. Nh5 f3 30. Qe5 Qg6+ 31. Ng3 Ng5 32. Nf4
Rxf4 33. Bxe6+ Nxe6 34. Rc1 Rxd4 35. Qb8+ Nd8 36. h3 Qd6 37. Qc8 Rd1+ 38.
Kh2 Rxc1 39. Qxc1 Nd3 40. Qc4+ Kf8 41. Qe4 Ne5 42. Qf4+ Ndf7 43. Qf5 b5 44.
Qc8+ Nd8 45. Qf5+ Ke8 46. Qe4 Bc5 47. Nf5 Qf6 48. Kg1 Qg5+ {White resigns}
0-1

[Event "ICC tourney 2150 (70 10)"]
[Site "Internet Chess Club"]
[Date "2020.11.22"]
[Round "6"]
[White "Josiah729"]
[Black "erumaimadugod"]
[Result "0-1"]
[ICCResult "White forfeits on time"]
[WhiteElo "1766"]
[BlackElo "1853"]
[Opening "Ponziani: Jaenisch counter-attack"]
[ECO "C44"]
[NIC "KP.05"]
[Time "19:31:48"]
[TimeControl "4200+10"]

1. e4 e5 2. Nf3 Nc6 3. c3 Nf6 4. d4 exd4 5. e5 Nd5 6. cxd4 d6 7. Bb5 Bd7 8.
O-O Be7 9. Qb3 Nb6 10. Nc3 O-O 11. Re1 dxe5 12. dxe5 Be6 13. Qc2 Nd4 14.
Nxd4 Qxd4 15. Re4 Bf5 16. Rxd4 Bxc2 17. Rd2 Bf5 18. Rd1 a6 19. Be2 Bc2 20.
Rd2 Bf5 21. Rd1 Bc5 22. Bf4 Rfd8 23. e6 c6 24. exf7+ Kxf7 25. Rac1 Rxd1+ 26.
Bxd1 Re8 27. Bb3+ Kf6 28. h3 Bd4 29. g4 Bg6 30. Rd1 Bc5 31. h4 Ke7 32. Re1+
Kf8 33. Rxe8+ Kxe8 34. Kg2 h5 35. g5 Nc8 36. Be5 Ne7 37. Be6 Bf5 38. Bxf5
Nxf5 39. Ne4 Be7 40. Kh3 g6 41. Ng3 Bd6 42. Bf6 Ne7 43. Ne4 Kd7 44. Bxe7
Kxe7 45. Kg2 Be5 46. b3 b6 47. Kf3 Ke6 48. Ke3 c5 49. Nd2 Bd4+ 50. Kf3 Kf5
51. Nc4 b5 52. Nd6+ Ke6 53. Ne4 c4 54. bxc4 bxc4 55. Nd2 c3 56. Nb3 Ke5 57.
Ke2 c2 58. Kd2 Bxf2 59. Kxc2 Bxh4 60. Nc5 Bxg5 61. Nxa6 h4 62. Nb4 h3 63.
Nd3+ Kd5 64. Nf2 h2 65. Kd3 Bf6 66. Ke2 Bd4 67. Nh1 Ke4 68. a4 g5 69. a5 g4
70. a6 Kf4 71. Kf1 Kf3 72. a7 Bxa7 73. Nf2 g3 {White forfeits on time} 0-1